 Dungeon Crawl Stone Soup version 0.28-a0-1395-g4f6bc678fa (webtiles) character file.

Game seed: 7778640905012104253

315 siradein the Cudgeller (level 6, -5/52 HPs)
             Began as a Palentonga Berserker on Jan 4, 2022.
             Was a Believer of Trog.
             Killed from afar by Blork the orc (9 damage)
             ... with a puff of flame
             ... on level 4 of the Dungeon.
             The game lasted 00:05:11 (4192 turns).

siradein the Cudgeller (Palentonga Berserker)       Turns: 4192, Time: 00:05:12

Health: -5/52      AC:  9    Str: 23    XL:     6   Next: 19%
Magic:  6/6        EV:  8    Int:  7    God:    Trog [**....]
Gold:   130        SH:  0    Dex:  9    Spells: 5/5 levels left

rFire   . . .      SeeInvis +   s - +3 quarterstaff (chaos)
rCold   . . .      Faith    .   (shield currently unavailable)
rNeg    . . .      Spirit   .   p - +0 scale mail
rPois   .          Reflect  .   q - +0 helmet
rElec   .          Harm     .   r - +0 cloak
rCorr   .          Rampage  .   (no gloves)
Will    .....                   (no barding)
Stlth   ..........              o - amulet of the acrobat
HPRegen 0.17/turn               (no ring)
MPRegen 0.10/turn               (no ring)

@: lethally poisoned (-5 -> -45)
A: large, rugged brown scales 3, see invisible, deformed body, roll 1, armoured
tail
a: Rolling Charge, Renounce Religion, Berserk, Trog's Hand


You were on level 4 of the Dungeon.
You worshipped Trog.
Trog was pleased with you.
You visited 1 branch of the dungeon, and saw 4 of its levels.

You collected 130 gold pieces.

Inventory:

Hand Weapons
 a - a +0 mace
 s - a +3 quarterstaff of chaos (weapon)
Armour
 p - a +0 scale mail (worn)
 q - a +0 helmet (worn)
 r - a +0 cloak (worn)
Jewellery
 o - an amulet of the acrobat (around neck)
Scrolls
 b - a scroll of immolation {unknown}
 c - a scroll of teleportation {unknown}
 e - 3 scrolls of identify {unknown}
 g - a scroll of fog {unknown}
 n - 2 scrolls of fear {unknown}
Potions
 d - a potion of resistance {unknown}
 f - a potion of haste {unknown}
 h - 2 potions of degeneration {unknown}
 i - 2 potions of flight {unknown}
 j - a potion of attraction {unknown}
 k - a potion of curing {unknown}
 l - 2 potions of might {unknown}
 m - a potion of magic {unknown}
 t - a potion of ambrosia {unknown}


   Skills:
 + Level 4.3 Fighting
 + Level 4.3 Maces & Flails
 + Level 3.0 Armour
 + Level 3.0 Dodging


You had 5 spell levels left.
You didn't know any spells.
Your spell library was empty.

Dungeon Overview and Level Annotations

Branches:
Dungeon (4/15)
 Temple: D:4-7

Altars:
Nemelex Xobeh
Vehumet

Annotations:
D:4 Blork the orc


Innate Abilities, Weirdness & Mutations

You are completely covered in rugged brown scales. (AC +3, +7% HP)
You have supernaturally acute eyesight. (SInv)
Armour fits poorly on your strangely shaped body.
You can roll at nearby foes to attack.
You have a long armoured tail.


Message History

You thump Blork the orc!
You feel better.
Blork the orc is heavily wounded.
You feel sick. Blork the orc barely misses you.
You hit Blork the orc but do no damage. You tail-slap Blork the orc.
Blork the orc is heavily wounded.
You feel sick.
Blork the orc hits you with a +0 trident of venom.
You are more poisoned.
Blork the orc barely misses you.
You closely miss Blork the orc.
Blork the orc is heavily wounded.
You feel very sick.
Blork the orc hits you with a +0 trident of venom.
You are more poisoned.
Blork the orc hits you but does no damage.
You are more poisoned.
You hit Blork the orc. You burn Blork the orc.
Blork the orc is severely wounded.
You feel extremely sick.
Blork the orc hits you with a +0 trident of venom.
You are lethally poisoned!
Blork the orc hits you with a +0 trident of venom.
You are more poisoned.
You barely miss Blork the orc.
Blork the orc is severely wounded.
* * * LOW HITPOINT WARNING * * *
You feel extremely sick.
Blork the orc hits you with a +0 trident of venom.
* * * LOW HITPOINT WARNING * * *
You are more poisoned.
You hit Blork the orc. You freeze Blork the orc.
Blork the orc is almost dead.
* * * LOW HITPOINT WARNING * * *
You feel extremely sick.
Blork the orc screams, "I'm going to kill you!"
Blork the orc hits you but does no damage.
You are more poisoned.
Blork the orc gestures at you while chanting.
The puff of flame hits you!
You die...

## ##..##
#......... #
#...#
#..#######
#...####..# .
##........#
..
#........##
...
#....###...##
...# #...###
###..###....#
....#
#........#
...#
#..@o...# #..
#).###...# #.
#..## ....
#..# . .
#..## #...
..... .....


You could see Blork the orc (fast).

Vanquished Creatures
  Sigmund (D:2)
  Crazy Yiuf (D:3)
  4 gnolls (D:3)
  2 adders
  2 worms
  A dart slug (D:2)
  2 bats (D:1)
  3 endoplasms (D:2)
  3 giant cockroaches
  5 goblins
  5 hobgoblins
  5 jackals
  2 quokkas
  9 ball pythons
  5 frilled lizards
  9 kobolds
  7 rats
66 creatures vanquished.

Vanquished Creatures (others)
  2 plants (D:1)
2 creatures vanquished.

Grand Total: 68 creatures vanquished

Notes
Turn   | Place    | Note
-------+----------+-------------------------------------------
     0 | D:1      | siradein the Palentonga Berserker began the quest for the
                  | Orb.
     0 | D:1      | Reached XP level 1. HP: 19/19 MP: 1/1
   518 | D:1      | Reached XP level 2. HP: 25/25 MP: 2/2
   772 | D:1      | Found a faded altar of an unknown god.
  1412 | D:2      | Found a radiant altar of Vehumet.
  1735 | D:2      | Noticed Sigmund
  1743 | D:2      | Killed Sigmund
  1744 | D:2      | Reached XP level 3. HP: 27/32 MP: 3/3
  1744 | D:2      | Reached XP level 4. HP: 32/39 MP: 4/4
  1744 | D:2      | Reached XP level 5. HP: 37/44 MP: 5/5
  2175 | D:2      | Reached ** piety under Trog
  3385 | D:3      | Reached XP level 6. HP: 37/51 MP: 6/6
  3512 | D:3      | Found a sparkling altar of Nemelex Xobeh.
  3559 | D:3      | Found a runed translucent door.
  3560 | D:3      | Noticed Crazy Yiuf
  3802 | D:3      | Killed Crazy Yiuf
  4178 | D:4      | Noticed Blork the orc
  4192 | D:4      | Killed from afar by Blork the orc

Illustrated notes

Levels and vault maps discovered:
D:1:      dpeg_arrival_circle_labyrinth_a, layout_loops_cross,
          chequers_ecumenical_altar_island, hex_large, serial_bayou_lagoon_a,
          hangedman_decor_opposing, minmay_pentomino_s4
D:2:      minmay_spotlight, layout_loops_corners, basic_altar, uniq_sigmund
D:3:      layout_rooms, nemelex_spade_bored_becter, uniq_crazy_yiuf_cottage
D:4:      layout_layer_cave, gammafunk_temple_overflow_claw, serial_shops,
          shop_statue, uniq_blork_the_orc

Skill      XL: |  1  2  3  4  5  6 |
---------------+-------------------+-----
Armour         | 2 3 |  3.0
Dodging        | 2 3 |  3.0
Fighting       | 4 |  4.3
Maces & Flails | 4 |  4.3

Action                   |  1- 3 |  4- 6 || total
-------------------------+-------+-------++-------
Melee: Mace              |    65 |   115 ||   180
       Tailslap          |     9 |    10 ||    19
       Quarterstaff      |       |    20 ||    20
Invok: Berserk           |     1 |     3 ||     4
 Stab: Sleeping          |     1 |       ||     1
Armor: Animal skin       |    19 |       ||    19
       Ring mail         |     6 |    17 ||    23
       Scale mail        |       |    60 ||    60
Dodge: Dodged            |    32 |    92 ||   124

Table legend: (Time is in decaauts)
 A = Elapsed time spent in this place.
 B = Non-inter-level travel time spent in this place.
 C = Inter-level travel time spent in this place.
 D = Time resting spent in this place.
 E = Time spent auto-exploring this place.
 F = Levels seen in this place.
 G = Mean time per level.
                   A        B        C        D        E       F      G
               +--------+--------+--------+--------+--------+-----+--------+
         Total |   4293 |   4210 |     83 |    315 |   3193 |   4 | 1073.2 |
       Dungeon |   4293 |   4210 |     83 |    315 |   3193 |   4 | 1073.2 |
               +--------+--------+--------+--------+--------+-----+--------+

Top non-repeatable levels by time:
     D:2: 1812 daAuts
     D:1: 1177 daAuts
     D:3: 1112 daAuts
     D:4: 190 daAuts
